 Dungeon Crawl Stone Soup version 0.20.2-3-g29329e0561 (webtiles) character file.

447 Alfie the Skirmisher (level 7, -2/60 HPs)
             Began as a Hill Orc Fighter on Jan 5, 2023.
             Slain by a gnoll
             ... wielding a +0 halberd
              (14 damage)
             ... on level 6 of the Dungeon.
             The game lasted 00:09:40 (3053 turns).

Alfie the Skirmisher (Hill Orc Fighter)             Turns: 3053, Time: 00:09:41

Health: -2/60      AC: 11    Str: 25    XL:     7   Next: 3%
Magic:  7/7        EV:  8    Int:  8    God:
Gold:   171        SH: 11    Dex: 10    Spells: 6/6 levels left

rFire    . . .     SeeInvis .   a - +0 rapier
rCold    + . .     Gourm    .   c - +1 shield
rNeg     . . .     Faith    .   b - +1 scale mail
rPois    .         Spirit   .   p - +2 helmet
rElec    .         Reflect  .   (no cloak)
rCorr    .         Harm     .   (no gloves)
MR       .....                  (no boots)
Stlth    ..........             (no amulet)
Regen    0.2/turn               h - ring of protection from cold
MPRegen  0.1/turn               x - +4 ring of strength

@: no status effects
A: no striking features
a: no special abilities


You were on level 6 of the Dungeon.
You were not hungry.

You visited 1 branch of the dungeon, and saw 6 of its levels.

You collected 171 gold pieces.

Inventory:

Hand Weapons
 a - a +0 rapier (weapon)
Missiles
 k - 4 tomahawks (quivered)
Armour
 b - a +1 scale mail (worn)
 c - a +1 shield (worn)
 p - a +2 helmet (worn)
Jewellery
 h - a ring of protection from cold (left hand)
 x - a +4 ring of strength (right hand)
 y - an uncursed ring of wizardry
 B - a +4 ring of protection
Scrolls
 e - a scroll of identify
 g - 2 scrolls of recharging
 m - a scroll of fear
 r - a scroll of teleportation {unknown}
 z - a scroll of random uselessness {unknown}
 D - a scroll of fog
Potions
 d - a potion of might
 l - a potion of agility {unknown}
 n - 2 potions of heal wounds {unknown}
 o - 3 potions of curing
 q - a potion of lignification {unknown}
 s - a potion of berserk rage {unknown}
 t - a potion of flight {unknown}
 u - a potion of magic {unknown}
 w - a potion of cancellation {unknown}
 A - 2 potions of ambrosia {unknown}
Books
 j - a book of Minor Magic

   Spells                             Type                      Level
   a - Magic Dart                     Conjuration                  1
   b - Blink                          Translocation                2
   c - Call Imp                       Summoning                    2
   d - Slow                           Hexes                        2
   e - Conjure Flame                  Conjuration/Fire             3
   f - Mephitic Cloud                 Conjuration/Poison/Air       3
Comestibles
 f - a bread ration
 i - 3 fruits
 v - 2 meat rations


   Skills:
 + Level 4.9 Fighting
 + Level 4.4 Short Blades
 + Level 1.0 Throwing
 + Level 4.5 Armour
 + Level 1.2 Dodging
 + Level 0.1 Stealth
 + Level 4.7 Shields


You had 6 spell levels left.
You didn't know any spells.

Dungeon Overview and Level Annotations

Branches:
Dungeon (6/15)
 Temple: D:4-7

Altars:
Makhleb
Okawaru
Sif Muna


Message History

You block the orc's attack. The gnoll hits you but does no damage.
You hit the orc.
The orc is severely wounded.
You block the orc's attack.
You hit the orc.
The orc is almost dead.
The gnoll hits you from afar with a halberd.
* * * LOW HITPOINT WARNING * * *
The orc hits you with a club.
* * * LOW HITPOINT WARNING * * *
You hit the orc.
You kill the orc!
You block the gnoll's attack. You block the gnoll's attack.
Items here: )) [[ a club; a leather armour; a whip; a leather armour You puncture the gnoll!
The gnoll is almost dead.
The gnoll hits you with a halberd!
You die...

#######
#.....##### #####
#.###.....#
#...####.#######.#
#.#.##.........#.#
..#.#....#####>#.#
###.##########.#.#
.##..........#.#.#
'###########.#.#@#
.....# #.#.#g#
.....# #.#.#o#
.....# #.#o.<#
###### #.#...#
#.#..## #.#..####
#.#.....#
#.##.####


You could see a gnoll and an orc.

Vanquished Creatures
  A sky beast (D:6)
  A bullfrog (D:5)
  A scorpion (D:5)
  A crimson imp (D:6)
  A centaur skeleton (D:4)
  Robin (D:2)
  4 adders
  2 gnolls
  An ooze (D:3)
  2 worms (D:3)
  4 leopard geckos
  8 orcs
  6 giant cockroaches
  14 goblins
  4 hobgoblins
  13 jackals
  8 kobolds
  2 ball pythons
  9 bats
  6 frilled lizards
  A jackal skeleton (D:4)
  A quokka skeleton (D:4)
  6 rats
97 creatures vanquished.

Notes
Turn   | Place    | Note
-------+----------+-------------------------------------------
     0 | D:1      | Alfie the Hill Orc Fighter began the quest for the Orb.
     0 | D:1      | Reached XP level 1. HP: 19/19 MP: 1/1
   153 | D:1      | Reached XP level 2. HP: 26/27 MP: 2/2
   654 | D:2      | Reached XP level 3. HP: 33/33 MP: 3/3
   734 | D:2      | Noticed Robin
   741 | D:2      | Killed Robin
   785 | D:2      | Reached XP level 4. HP: 40/40 MP: 4/4
  1244 | D:2      | Found an iron altar of Okawaru.
  1536 | D:3      | Reached XP level 5. HP: 46/47 MP: 5/5
  2089 | D:4      | Found a deep blue altar of Sif Muna.
  2145 | D:4      | Found a burning altar of Makhleb.
  2752 | D:5      | Entered Level 5 of the Dungeon
  2772 | D:5      | Reached skill level 1 in Throwing
  2772 | D:5      | Reached XP level 6. HP: 50/53 MP: 6/6
  2898 | D:6      | Noticed a sky beast
  2915 | D:6      | Killed a sky beast
  2915 | D:6      | Reached skill level 1 in Dodging
  3032 | D:6      | Reached XP level 7. HP: 19/60 MP: 7/7
  3053 | D:6      | Slain by a gnoll

Skill      XL: |  1  2  3  4  5  6 |
---------------+-------------------+-----
Fighting       | 4 |  4.9
Short Blades   | 3 4 |  4.4
Shields        | 4 |  4.7
Armour         | 4 |  4.5
Throwing       | 1 |  1.0
Dodging        | 1 |  1.2
Stealth        | |  0.1

Action                   |  1- 3 |  4- 6 |  7- 9 || total
-------------------------+-------+-------+-------++-------
Melee: Rapier            |    62 |   227 |    15 ||   304
Throw: Tomahawk          |    14 |    14 |       ||    28
  Use: Scroll            |     2 |    11 |       ||    13
       Potion            |       |     1 |     1 ||     2
  Eat: Bread ration      |       |     2 |       ||     2
Armor: Scale mail        |    24 |    83 |     5 ||   112
Dodge: Dodged            |    16 |    65 |     5 ||    86
Block: Shield            |    30 |   114 |    17 ||   161
